 Dungeon Crawl Stone Soup version 0.32-a0-975-g85d4e5bfdb (webtiles) character file.

Game seed: 16482806741205270381

24 Dittersdorf the Shield-Bearer (level 3, -5/23 HPs)
             Began as a Gargoyle Fighter on Apr 18, 2024.
             Killed from afar by Sigmund (12 damage)
             ... with a puff of flame
             ... on level 2 of the Dungeon.
             The game lasted 00:00:34 (687 turns).

Dittersdorf the Shield-Bearer (Gargoyle Fighter)     Turns: 687, Time: 00:00:34

Health: -5/23      AC: 10    Str: 21    XL:     3   Next: 2%
Magic:  3/3        EV:  8    Int:  8    God:
Gold:   73         SH:  4    Dex:  9    Spells: 2/2 levels left

rFire   . . .        a - +0 flail
rCold   . . .        c - +0 buckler
rNeg    + . .        b - +0 scale mail
rPois   ∞            (no helmet)
rElec   +            (no cloak)
rCorr   .            (no gloves)
SInv    .            (no boots)
Will    .....        (no amulet) Stlth
                     (no ring)
HPRegen 0.23/turn    (no ring)
MPRegen 0.08/turn

%: no passive effects
@: no status effects
A: sickness immunity, AC +3, negative energy resistance 1, electricity
resistance, torment resistance 1, petrification resistance
a: no special abilities


You were on level 2 of the Dungeon.
You visited 1 branch of the dungeon, and saw 2 of its levels.

You collected 73 gold pieces.

Inventory:

Hand Weapons
 a - a +0 flail (weapon)
Armour
 b - a +0 scale mail (worn)
 c - a +0 buckler (worn)
Scrolls
 g - a scroll of torment {unknown}
Potions
 d - a potion of might
 e - 2 potions of curing {unknown}
 f - a potion of attraction {unknown}
 h - a potion of resistance {unknown}


   Skills:
 + Level 3.6 Fighting
 + Level 2.3 Maces & Flails
 + Level 3.6 Armour
 + Level 3.6 Shields


You had 2 spell levels left.
You didn't know any spells.
Your spell library was empty.

Dungeon Overview and Level Annotations

Branches:
Dungeon (2/15)

Altars:

Annotations:
D:2 Sigmund


Innate Abilities, Weirdness & Mutations

You are immune to sickness and miasma.
Your stone body is resilient. (AC +3)
You are immune to poison.
You resist negative energy. (rN+)
You are resistant to electric shocks. (rElec)
You are resistant to unholy torment.
You are immune to petrification.


Message History

The frilled lizard bites you but does no damage.
Sigmund the Dreaded comes into view.
He is wielding a +0 scythe.
You sock the frilled lizard!
You kill the frilled lizard!
A hobgoblin comes into view.
Sigmund mumbles some strange words.
Sigmund flickers and vanishes!
Deactivating autopickup; reactivate with Ctrl-A.
The jackal bites you.
The hobgoblin shouts!
You sock the jackal!
You kill the jackal!
The jackal closely misses you.
You closely miss the jackal. The jackal bites you.
The jackal completely misses you.
You closely miss the jackal. The jackal barely misses you.
The jackal bites you.
You closely miss the hobgoblin. The jackal barely misses you.
The hobgoblin hits you.
You hear some strange, mumbled words.
A puff of flame appears from out of thin air!
The puff of flame hits you. You block the jackal's attack.
You sock the hobgoblin!
You kill the hobgoblin!
You block the jackal's attack. Something hits you.
The jackal barely misses you.
You sock the jackal!
You kill the jackal!
Something hits you but does no damage.
You have reached level 3!
Your experience leads to an increase in your attributes!
Increase (S)trength, (I)ntelligence, or (D)exterity?
You feel stronger. x2
Something hits you but does no damage. Something hits you. Something hits you!
A puff of flame appears from out of thin air!
The puff of flame hits you!
Ouch! That really hurt!
You die...

.#..........####....
............####....
.......................
..........#.###......##
.....#..#.#.# #......#
....##...#.# #......#
...........# #......#
#.......# #......#
+...@...###......#
######+#................#
..............####......#
..............# #......#
.......{####### ###+####
........#
........######.#
................
................


There were no monsters in sight!

Vanquished Creatures
  A dart slug (D:1)
  2 endoplasms (D:1)
  2 giant cockroaches (D:1)
  A goblin (D:1)
  4 hobgoblins
  2 jackals (D:2)
  2 kobolds (D:1)
  4 frilled lizards
  2 rats
20 creatures vanquished.

Notes
Turn   | Place    | Note
-------+----------+-------------------------------------------
     0 | D:1      | Dittersdorf the Gargoyle Fighter began the quest for the
                  | Orb.
     0 | D:1      | Reached XP level 1. HP: 14/14 MP: 1/1
   142 | D:1      | Reached XP level 2. HP: 8/19 MP: 2/2
   672 | D:2      | Noticed Sigmund
   680 | D:2      | Reached XP level 3. HP: 14/23 MP: 3/3
   687 | D:2      | Killed from afar by Sigmund

Illustrated notes

Levels and vault maps discovered:
D:1:      lemuel_arrival_broad_hall, layout_basic
D:2:      layout_basic, uniq_sigmund

Action                     || total
---------------------------++-------
  Melee: Flail             ||    44
 Armour: Scale mail        ||    41
  Dodge: Dodged            ||    24
  Block: Buckler           ||    12

Table legend: (Time is in decaauts)
 A = Elapsed time spent in this place.
 B = Non-inter-level travel time spent in this place.
 C = Inter-level travel time spent in this place.
 D = Time resting spent in this place.
 E = Time spent auto-exploring this place.
 F = Levels seen in this place.
 G = Mean time per level.
                   A        B        C        D        E       F      G
               +--------+--------+--------+--------+--------+-----+--------+
         Total |    700 |    677 |     23 |     23 |    528 |   2 |  350.0 |
       Dungeon |    700 |    677 |     23 |     23 |    528 |   2 |  350.0 |
               +--------+--------+--------+--------+--------+-----+--------+

Top non-repeatable levels by time:
     D:1: 625 daAuts
     D:2: 74 daAuts
